 Dungeon Crawl Stone Soup version 0.18.1-1-g2f07953 (webtiles) character file.

273664 vale the Brawler (level 19, -2/204 HPs)
             Began as a Troll Wizard on May 7, 2016.
             Was a High Priest of Cheibriados.
             Slain by a vampire knight
             ... wielding a +0 great sword
              (7 damage)
             ... on level 2 of the Vaults.
             The game lasted 03:34:50 (49909 turns).

vale the Brawler (Troll Wizard)                    Turns: 49909, Time: 03:34:51

Health: -2/204     AC: 10    Str: 33    XL:     19   Next: 89%
Magic:  1/25       EV: 25    Int: 27    God:    Cheibriados [*****.]
Gold:   2635       SH: 16    Dex: 27    Spells: 9 memorised, 2 levels left

rFire  . . .     SeeInvis .       - Unarmed
rCold  . . .     Gourm    +     c - +2 robe {MR+}
rNeg   . . .     Faith    .     e - +2 shield
rPois  +         Spirit   .     L - +2 hat
rElec  .         Dismiss  +     O - +0 cloak
rCorr  .         Reflect  .     (gloves unavailable)
SustAt .         Harm     .     (boots unavailable)
MR     ++...                    i - amulet of dismissal
Stlth  ++........               k - ring of poison resistance
                                T - ring of wizardry

@: about to teleport, repel missiles, very slow, very resistant to hostile
enchantments, unstealthy
A: unfitting armour, claws 3, fast metabolism 3, gourmand, regeneration 2,
shaggy fur 1, tough skin 2
a: Bend Time, Temporal Distortion, Slouch, Step From Time, Renounce Religion
}: 1/15 runes: serpentine


You were on level 2 of the Vaults.
You worshipped Cheibriados.
Cheibriados was extremely pleased with you.
You were very full.

You visited 7 branches of the dungeon, and saw 36 of its levels.
You also visited: Labyrinth and Ossuary.

You collected 2951 gold pieces.
You spent 316 gold pieces at shops.

Inventory:

Missiles
 s - 13 javelins of penetration
 E - 48 large rocks (quivered)
 Q - 13 throwing nets
Armour
 c - a +2 robe of magic resistance (worn)
 e - a +2 shield (worn)
 L - a +2 hat (worn)
 O - a +0 cloak (worn)
Jewellery
 i - an amulet of dismissal (around neck)
 j - an uncursed ring of ice
 k - a ring of poison resistance (right claw)
 T - a ring of wizardry (left claw)
 U - an uncursed ring of positive energy
 X - an uncursed ring of protection from fire
Wands
 p - a wand of iceblast (9/15)
 q - a wand of lightning (8/15)
 u - a wand of disintegration (6/24)
 w - a wand of lightning (6/15)
 x - a wand of digging (8/24)
 y - a wand of acid (5/15)
 P - a wand of teleportation (5/9)
 S - a wand of acid (5/15)
Scrolls
 b - 5 scrolls of blinking
 g - 8 scrolls of identify
 l - 3 scrolls of teleportation
 r - 3 scrolls of immolation
 v - 13 scrolls of recharging
 z - 5 scrolls of fog
 H - a scroll of amnesia
 K - 9 scrolls of remove curse
 N - a scroll of magic mapping
 R - 5 scrolls of fear
Potions
 a - a potion of might
 h - 3 potions of cancellation
 m - 5 potions of agility
 t - 3 potions of flight
 B - 5 potions of heal wounds
 C - 2 potions of magic
 G - 12 potions of curing
 I - 5 potions of invisibility
 M - 3 potions of resistance
Books
 f - a book of Frost

   Spells                             Type                      Level
   a - Freeze                         Ice                          1
   b - Throw Frost                    Conjuration/Ice              2
   c - Ozocubu's Armour               Charms/Ice                   3
   d - Throw Icicle                   Conjuration/Ice              4
   e - Summon Ice Beast               Ice/Summoning                4
Miscellaneous
 A - a fan of gales
 F - a stone of tremors
 Z - a plain deck of war {drawn: 4}
Comestibles
 d - 21 bread rations {@e1}
 n - 2 meat rations {@e2}
 o - a slice of pizza
 D - 19 fruits
 J - 5 royal jellies
 V - 5 chunks of flesh {@w0}


   Skills:
 * Level 15.6 Fighting
 - Level 6.6 Throwing
 - Level 13.3 Dodging
 - Level 1.1 Stealth
 - Level 9.0 Shields
 - Level 20.2 Unarmed Combat
 - Level 2.0 Spellcasting
 - Level 0.6 Conjurations
 - Level 0.6 Summonings
 - Level 4.0 Translocations
 - Level 10.3 Invocations


You had 2 spell levels left.
You knew the following spells:

 Your Spells              Type           Power        Failure   Level  Hunger
a - Magic Dart            Conj           #...         4%          1    None
c - Conjure Flame         Conj/Fire      #.......     12%         3    ###....
d - Mephitic Cloud        Conj/Pois/Air  #.......     12%         3    ###....
e - Call Imp              Summ           #.......     4%          2    ##.....
f - Repel Missiles        Chrm/Air       #.....       6%          2    ##.....
k - Apportation           Tloc           ###.......   1%          1    None
n - Animate Skeleton      Necr           N/A          4%          1    None
o - Summon Forest         Summ/Tloc      ###.......   65%         5    ######.
p - Blink                 Tloc           N/A          1%          2    ##.....


Dungeon Overview and Level Annotations

Branches:
Dungeon (15/15)            Temple (1/1) D:4            Lair (8/8) D:8
 Shoals (3/4) Lair:4        Snake (4/4) Lair:4        Slime (0/6) Lair:7
    Orc (2/2) D:10            Elf (0/3) Orc:2        Vaults (3/5) D:14
  Crypt (0/3) Vaults:3     Depths (0/5) D:15

Altars:
Ashenzari
Cheibriados
Dithmenos
Elyvilon
Fedhas
Gozag
Kikubaaqudgha
Makhleb
Nemelex Xobeh
Okawaru
Pakellas
Qazlal
Ru
Sif Muna
Trog
Vehumet
Xom
Yredelemnul
Zin
The Shining One
Beogh
Jiyva

Shops:
D:9 (   Orc:2 :(*[   Shoals:2 ?

Annotations:
D:3 Holeefuk's ghost, amateur HOFi; Jessica
D:9 exclusion: Maurice, Maurice
D:15 exclusion: hydra
Lair:8 exclusion: 2 hydras
Snake:4 exclusion: oklob plant


Innate Abilities, Weirdness & Mutations

You are too large for most types of armour.
You have claws for hands.
Your metabolism is lightning-fast.
You like to eat raw meat.
You heal very quickly.
You are covered in fur (AC +1).
You have very tough skin (AC +2).


Message History

You now have 5/25 mp.
You can feel time thicken for a moment.
You feel somewhat less full.
Cheibriados lowers the support of your attributes as your movement quickens.
You now have 1/25 mp.
Drink which item? (? for menu, Esc to quit)
You feel much better.
You regained 23 hp, and now have 68/204 hp.
You close the door.
Something hits you!
* * * LOW HITPOINT WARNING * * *
Something bites you!
* * * LOW HITPOINT WARNING * * *
Something draws strength from your injuries!
You take 26 damage, and have 43/204 hp.
Read which item? (? for menu, Esc to quit)
As you read the scroll of teleportation, it crumbles to dust.
You feel strangely unstable. Something hits you!!!
* * * LOW HITPOINT WARNING * * *
Something bites you!
You die...

#.....## #.......#
##..<..## #.......#
##.....## #.......#
##.....###.......#
##.....##.......#
##..>..###'###########
##.....#............#
##....+............#
##..@#............#
#####............#
#............#
#............#
######............###
#....................
#.......########)....
#.......#......#.)...
#.......#......#.....


There were no monsters in sight!

Vanquished Creatures
  Saint Roka (Orc:2)
  Vashnia (Snake:4)
  Jorgrun (Vaults:2)
  Asterion (Vaults:1)
  Polyphemus (Shoals:3)
  A sphinx (Vaults:2)
  Kirke (Lair:6)
  Roxanne (D:15)
  A deep elf sorcerer (Vaults:1)
  6 greater nagas
  Donald (Vaults:1)
  A fire giant (D:15)
  4 vault wardens
  A curse skull (Vaults:3)
  An orc warlord (Orc:2)
  4 ironheart preservers
  A deep elf demonologist (Vaults:1)
  2 war gargoyles (Vaults:1)
  2 vampire knights (Vaults:3)
  A stone giant (Vaults:1)
  Azrael (Snake:1)
  6 merfolk impalers (Shoals:2)
  Snorg (Lair:3)
  3 merfolk javelineers
  2 yaktaur captains
  3 fire dragons
  4 vault guards (D:14)
  An ettin (Orc:2)
  A great orb of eyes (Vaults:1)
  A minotaur (Lab)
  Fannar (D:11)
  2 rakshasas
  4 ogre magi
  14 naga warriors
  The ghost of dickylongcocking the Impaler, a journeyman MfCK of Xom (D:10)
  An ice dragon (Vaults:2)
  4 centaur warriors
  4 hydras
  A merfolk avatar (Shoals:1)
  A catoblepas (Shoals:3)
  An alligator (shapeshifter) (Vaults:2)
  13 anacondas
  2 tengu warriors
  2 orc high priests
  7 shock serpents
  Urug (Lair:1)
  A deep troll shaman (Vaults:2)
  20 death yaks
  12 naga sharpshooters
  Nergalle (Orc:2)
  6 skeletal warriors
  2 fire crabs
  A death drake (shapeshifter) (Vaults:1)
  3 salamander mystics
  A shadow wraith (Vaults:2)
  3 unseen horrors
  10 sea snakes
  4 deep trolls (Vaults:2)
  8 naga ritualists
  4 deep elf archers (Vaults:1)
  9 harpies
  7 ironbrand convokers
  12 hill giants
  10 orc knights
  21 mana vipers
  14 griffons
  7 deep elf magi (Vaults:1)
  2 wolf spiders
  4 orc sorcerers
  3 hornets (Vaults:2)
  12 salamanders
  9 cyclopes
  7 fauns (Shoals:2)
  12 manticores
  24 ugly things
  Joseph (Lair:1)
  23 naga magi
  2 black mambas (shapeshifter)
  7 vault sentinels
  43 black mambas
  An eye of devastation (shapeshifter) (D:13)
  18 elephants
  3 sirens
  6 gargoyles
  6 water nymphs
  21 spiny frogs
  2 torpor snails (Lair:7)
  10 guardian serpents
  3 rime drakes
  11 komodo dragons
  A freezing wraith (D:12)
  A komodo dragon (shapeshifter) (Vaults:1)
  A kobold demonologist (Vaults:1)
  16 yaktaurs
  A tengu conjurer (D:15)
  A jumping spider (shapeshifter) (Vaults:1)
  12 trolls
  8 two-headed ogres
  20 merfolk
  14 slime creatures
  A polar bear (Lair:5)
  A hornet zombie (D:15)
  16 blink frogs
  3 boulder beetles
  The ghost of porpoise the Conjurer, an amateur DECj of Vehumet (D:4)
  8 snapping turtles
  5 shadows
  A spriggan (D:7)
  3 water elementals
  2 wraiths
  A tarantella (shapeshifter) (Vaults:1)
  6 hogs (Lair:6)
  35 yaks
  2 wyverns
  A hungry ghost (D:7)
  4 steam dragons
  A yak (shapeshifter) (Vaults:2)
  5 basilisks
  3 fire elementals
  A golden eye (shapeshifter) (Vaults:1)
  9 hippogriffs
  5 vampire mosquitoes
  Menkaure (D:4)
  2 mottled dragons
  A human simulacrum (Vaults:2)
  A soldier ant (D:11)
  2 insubstantial wisps (D:11)
  16 wargs
  5 hell hounds
  26 water moccasins
  63 nagas
  11 porcupines
  44 orc warriors
  4 swamp drakes (Lair:8)
  5 sky beasts
  3 wasps
  5 black bears
  2 ice beasts
  2 eyes of draining
  A necrophage (D:10)
  9 wolves
  28 ogres
  12 centaurs
  26 crocodiles
  4 boggarts (Vaults:1)
  4 big kobolds
  Blork the orc (Orc:2)
  An elf zombie (Ossuary)
  19 giant frogs
  2 scorpions
  A water moccasin skeleton (D:4)
  7 killer bees (D:14)
  13 wights
  6 howler monkeys
  4 electric eels
  7 crimson imps
  A lava snake (Lair:3)
  A wasp zombie (D:10)
  4 centaur zombies
  A quasit (D:10)
  8 jellies
  13 hounds
  2 human zombies (Ossuary)
  25 orc wizards
  25 orc priests
  2 giant frog skeletons
  5 centaur skeletons
  15 iguanas
  11 worker ants
  24 sheep
  2 big kobold zombies (Ossuary)
  A hound skeleton (D:7)
  2 mummies (Ossuary)
  9 gnolls
  A howler monkey skeleton (D:5)
  17 adders
  72 river rats
  2 shadow imps
  2 oozes
  2 adder zombies
  An adder skeleton (D:5)
  2 worms
  4 giant geckos
  108 orcs
  10 bats
  6 giant cockroaches
  7 goblins
  10 hobgoblins
  6 jackals
  20 kobolds
  9 quokkas
  A ball python (D:7)
  A giant gecko skeleton (D:5)
  4 giant newts
  A goblin zombie (Ossuary)
  9 hobgoblin zombies (Ossuary)
  9 kobold zombies (Ossuary)
  9 orc zombies (Ossuary)
  3 quokka skeletons
  4 rats
  2 rat zombies (Ossuary)
1501 creatures vanquished.

Vanquished Creatures (collateral kills)
  2 naga warriors (Snake:4)
  An anaconda (Snake:4)
  A merfolk avatar (Shoals:3)
  A shock serpent (Snake:4)
  2 naga sharpshooters (Snake:4)
  3 harpies (Shoals:1)
  3 fauns (Shoals:2)
  3 griffons
  A wolf spider (Vaults:1)
  A naga mage (Snake:4)
  A guardian serpent (Snake:4)
  4 merfolk
  A two-headed ogre (Vaults:2)
  4 slime creatures (Vaults:1)
  A water elemental (Shoals:2)
  A hippogriff (Lair:4)
  3 nagas (Snake:4)
  An orc warrior (Vaults:1)
  An ogre (Orc:2)
  A crocodile (Lair:8)
  An adder (D:2)
  2 orcs
39 creatures vanquished.

Vanquished Creatures (others)
  A naga warrior (Snake:3)
  A deep elf knight (Vaults:1)
  A naga mage (Snake:4)
  2 orcs
  16 fungi
  67 plants
88 creatures vanquished.

Grand Total: 1628 creatures vanquished

Notes
Turn   | Place    | Note
--------------------------------------------------------------
     0 | D:1      | vale the Troll Wizard began the quest for the Orb.
     0 | D:1      | Reached XP level 1. HP: 16/16 MP: 2/2
    59 | D:1      | Reached skill level 1 in Unarmed Combat
   125 | D:1      | Reached XP level 2. HP: 24/24 MP: 0/4
   140 | D:1      | Learned a level 2 spell: Blink
   143 | D:1      | Learned a level 2 spell: Call Imp
   342 | D:1      | Reached skill level 2 in Unarmed Combat
   865 | D:2      | Reached XP level 3. HP: 31/31 MP: 3/5
  1079 | D:2      | Reached skill level 3 in Unarmed Combat
  1586 | D:2      | Reached XP level 4. HP: 25/39 MP: 0/6
  1864 | D:2      | Reached skill level 4 in Unarmed Combat
  2097 | D:3      | Noticed Holeefuk's ghost (amateur HOFi)
  2772 | D:3      | Reached XP level 5. HP: 45/45 MP: 2/7
  2943 | D:3      | Noticed Jessica
  2956 | D:2      | Reached skill level 5 in Unarmed Combat
  3634 | D:4      | Noticed porpoise's ghost (amateur DECj)
  3955 | D:4      | Found a staircase to the Ecumenical Temple.
  3955 | D:4      | Noticed Menkaure
  4033 | D:4      | Learned a level 2 spell: Repel Missiles
  4722 | D:4      | Reached skill level 1 in Fighting
  4765 | D:4      | Reached XP level 6. HP: 44/57 MP: 8/8
  5633 | D:4      | Killed Menkaure
  5633 | D:4      | Reached XP level 7. HP: 24/70 MP: 9/9
  5849 | Temple   | Entered the Ecumenical Temple
  5877 | D:4      | Killed porpoise's ghost
  5877 | D:4      | Reached skill level 6 in Unarmed Combat
  6041 | Temple   | Became a worshipper of Cheibriados the Contemplative
  6177 | D:5      | Entered Level 5 of the Dungeon
  6336 | D:5      | Reached skill level 7 in Unarmed Combat
  6425 | D:5      | Reached XP level 8. HP: 53/78 MP: 10/10
  6873 | D:5      | Reached skill level 8 in Unarmed Combat
  6998 | D:5      | Reached * piety under Cheibriados
  7016 | D:5      | Found a sacrificial altar of Ru.
  7016 | D:5      | Found a glowing golden altar of the Shining One.
  7016 | D:5      | Found a sparkling altar of Nemelex Xobeh.
  7017 | D:5      | Found a bloodstained altar of Trog.
  7017 | D:5      | Found a burning altar of Makhleb.
  7018 | D:5      | Found a radiant altar of Vehumet.
  7688 | D:6      | Reached skill level 9 in Unarmed Combat
  8152 | D:7      | Found a sand-covered staircase.
  8161 | D:7      | Learned a level 3 spell: Conjure Flame
  8215 | Ossuary  | Entered an ossuary
  8391 | Ossuary  | Reached XP level 9. HP: 73/84 MP: 11/11
  8418 | Ossuary  | Reached ** piety under Cheibriados
  8840 | D:7      | Reached skill level 10 in Unarmed Combat
  8908 | D:7      | Found a shattered altar of Ashenzari.
  8995 | D:7      | TYPOS
  9045 | D:7      | Reached *** piety under Cheibriados
  9069 | D:7      | Found a shimmering altar of Xom.
  9094 | D:7      | Reached skill level 1 in Invocations
  9653 | D:8      | Reached skill level 5 in Dodging
  9713 | D:8      | Reached skill level 5 in Fighting
  9762 | D:8      | Reached XP level 10. HP: 81/96 MP: 6/12
 10027 | D:8      | Reached **** piety under Cheibriados
 10126 | D:8      | Reached skill level 5 in Invocations
 10201 | D:8      | Found a staircase to the Lair.
 10487 | D:9      | Noticed Maurice
 10538 | D:9      | Found a blossoming altar of Fedhas.
 10587 | D:9      | Found Saptetag's Antique Weapon Boutique.
 11181 | Lair:1   | Entered Level 1 of the Lair of Beasts
 11375 | Lair:1   | Noticed a spiny frog
 11556 | Lair:1   | Learned a level 3 spell: Mephitic Cloud
 11590 | Lair:1   | Killed a spiny frog
 11689 | Lair:1   | Reached ***** piety under Cheibriados
 11726 | Lair:1   | Noticed Urug
 11805 | Lair:1   | Noticed Joseph
 11822 | Lair:1   | Killed Joseph
 12041 | Lair:1   | Noticed a spiny frog
 12055 | Lair:1   | Killed a spiny frog
 12285 | Lair:1   | Killed Urug
 12560 | Lair:2   | Reached XP level 11. HP: 106/106 MP: 15/15
 13416 | Lair:2   | Reached skill level 1 in Shields
 13637 | Lair:3   | Noticed Snorg
 13646 | Lair:3   | Killed Snorg
 14765 | Lair:4   | Noticed a griffon
 14787 | Lair:4   | Reached skill level 5 in Shields
 14805 | Lair:4   | Killed a griffon
 15031 | Lair:4   | Found a staircase to the Snake Pit.
 15120 | Lair:4   | Reached XP level 12. HP: 115/115 MP: 17/17
 15454 | Lair:4   | Found a staircase to the Shoals.
 15459 | Lair:4   | Reached ****** piety under Cheibriados
 15466 | Lair:4   | Reached skill level 11 in Unarmed Combat
 16516 | Lair:4   | Reached skill level 12 in Unarmed Combat
 17808 | Lair:6   | Noticed Kirke
 17833 | Lair:6   | Reached skill level 13 in Unarmed Combat
 17879 | Lair:6   | Killed Kirke
 17879 | Lair:6   | Reached XP level 13. HP: 93/123 MP: 7/18
 18705 | Lair:6   | Reached skill level 14 in Unarmed Combat
 19394 | Lair:7   | Found a viscous altar of Jiyva.
 19395 | Lair:7   | Found a staircase to the Slime Pits.
 19750 | Lair:7   | Reached skill level 15 in Unarmed Combat
 20331 | Lair:7   | Reached XP level 14. HP: 115/133 MP: 11/19
 20801 | Lair:8   | Entered Level 8 of the Lair of Beasts
 21508 | Lair:8   | Reached skill level 16 in Unarmed Combat
 22385 | D:10     | Entered Level 10 of the Dungeon
 22708 | D:10     | Noticed dickylongcocking's ghost (journeyman MfCK)
 22902 | D:10     | Found a staircase to the Orcish Mines.
 23243 | D:10     | Killed dickylongcocking's ghost
 23932 | D:11     | Identified a scroll of acquirement
 24013 | D:11     | Noticed Fannar
 24020 | D:11     | Killed Fannar
 24123 | D:11     | Found a roughly hewn altar of Beogh.
 24167 | D:11     | Reached skill level 17 in Unarmed Combat
 25074 | D:12     | Found a blossoming altar of Fedhas.
 26028 | Orc:1    | Entered Level 1 of the Orcish Mines
 26069 | Orc:1    | Reached XP level 15. HP: 149/149 MP: 20/20
 26174 | Orc:1    | Reached skill level 10 in Fighting
 26502 | Orc:2    | Entered Level 2 of the Orcish Mines
 26594 | Orc:2    | Noticed Saint Roka
 27201 | Orc:2    | Paralysed by an orc sorcerer for 3 turns
 27277 | Orc:2    | Killed Saint Roka
 27430 | Orc:2    | Noticed Blork the orc
 27477 | Orc:2    | Killed Blork the orc
 27633 | Orc:2    | Found a staircase to the Elven Halls.
 27738 | Orc:2    | Noticed Nergalle
 27849 | Orc:2    | Noticed an orc warlord
 28106 | Orc:2    | Found Nioploho's Antique Armour Shop.
 28106 | Orc:2    | Found a roughly hewn altar of Beogh.
 28319 | Orc:2    | Killed Nergalle
 28346 | Orc:2    | Killed an orc warlord
 28553 | Orc:2    | Found Pidd's General Store.
 28566 | Orc:2    | Bought a scroll of fog for 32 gold pieces
 28566 | Orc:2    | Bought a scroll of fear for 56 gold pieces
 28566 | Orc:2    | Bought a potion of curing for 48 gold pieces
 28674 | Orc:2    | Found Ynothilurph's Antique Weapon Shop.
 28689 | Orc:2    | Found Affisme's Book Shop.
 29366 | D:13     | You fall through a shaft for 2 floors!
 29366 | D:15     | Entered Level 15 of the Dungeon
 29366 | D:15     | Found a shadowy altar of Dithmenos.
 29374 | D:15     | Noticed Roxanne
 29383 | D:15     | Killed Roxanne
 29449 | D:15     | neat!
 29792 | D:15     | Found a staircase to the Depths.
 29793 | D:15     | Noticed a fire giant
 29804 | D:15     | Killed a fire giant
 29810 | D:15     | Reached skill level 10 in Dodging
 30096 | D:14     | Found a labyrinth entrance.
 30102 | Lab      | Entered a labyrinth
 30544 | Lab      | son of a bitch
 31298 | D:14     | Reached skill level 1 in Throwing
 31398 | D:14     | Reached XP level 16. HP: 117/162 MP: 12/21
 31576 | D:14     | Found a gate to the Vaults.
 32192 | D:13     | Reached skill level 5 in Throwing
 32911 | Snake:1  | Entered Level 1 of the Snake Pit
 33910 | Snake:1  | Noticed Azrael
 33963 | Snake:1  | hell of a teleport
 34173 | Snake:1  | Killed Azrael
 34180 | Snake:1  | Reached skill level 18 in Unarmed Combat
 35737 | Snake:3  | Found a sacrificial altar of Ru.
 35856 | Snake:3  | Reached skill level 19 in Unarmed Combat
 36440 | Snake:3  | Reached XP level 17. HP: 170/170 MP: 22/22
 37428 | Snake:4  | Entered Level 4 of the Snake Pit
 37638 | Lair:1   | Learned a level 5 spell: Summon Forest
 37646 | Lair:1   | Learned a level 1 spell: Animate Skeleton
 37739 | Shoals:1 | Entered Level 1 of the Shoals
 38449 | Shoals:1 | Reached skill level 20 in Unarmed Combat
 38918 | Shoals:2 | yeesh
 40024 | Shoals:2 | Found Qipat's Magic Scroll Shop.
 40032 | Shoals:2 | Bought a scroll of teleportation for 54 gold pieces
 40032 | Shoals:2 | Bought a scroll of identify for 36 gold pieces
 40032 | Shoals:2 | Bought a scroll of identify for 36 gold pieces
 40032 | Shoals:2 | Bought a scroll of remove curse for 54 gold pieces
 40983 | Shoals:3 | Noticed Polyphemus
 41004 | Shoals:3 | Killed Polyphemus
 41638 | Shoals:3 | Reached XP level 18. HP: 169/183 MP: 23/23
 41948 | Lair:1   | Learned a level 1 spell: Apportation
 43250 | Snake:4  | Noticed Vashnia
 43507 | Snake:4  | Killed Vashnia
 43872 | Snake:4  | Reached skill level 10 in Invocations
 44273 | Snake:4  | Found a basalt altar of Yredelemnul.
 44980 | Snake:4  | Got a serpentine rune of Zot
 45644 | Vaults:1 | Entered Level 1 of the Vaults
 46307 | Vaults:1 | Noticed a Hell Sentinel
 46313 | Vaults:1 | Reached XP level 19. HP: 149/195 MP: 5/25
 46866 | Vaults:1 | Noticed Asterion
 46882 | Vaults:1 | Killed Asterion
 46882 | Vaults:1 | Reached skill level 1 in Translocations
 47393 | Vaults:1 | Noticed Donald
 47416 | Vaults:1 | Killed Donald
 47999 | Vaults:2 | Noticed Jorgrun
 48688 | Vaults:2 | Reached skill level 15 in Fighting
 48880 | Vaults:2 | jeez
 48930 | Vaults:2 | Killed Jorgrun
 49875 | Vaults:3 | Found a staircase to the Crypt.
 49895 | Vaults:3 | whoa
 49909 | Vaults:2 | HP: 5/204 [something (38)]
 49909 | Vaults:2 | Slain by a vampire knight

Skill      XL: |  1  2  3  4  5  6  7  8  9 10 11 12 13 14 15 16 17 18 19 |
---------------+----------------------------------------------------------+-----
Unarmed Combat | 1 2 3 4 5 7 9 10 13 15 17 19 20 | 20.2
Fighting       | 1 4 5 6 7 9 11 12 13 15 | 15.6
Dodging        | 3 5 6 8 10 11 13 | 13.3
Invocations    | 4 7 8 10 | 10.3
Shields        | 5 7 9 |  9.0
Throwing       | 2 6 |  6.6
Translocations | 4 |  4.0
Stealth        | |  1.1
Spellcasting   | |  2.0
Conjurations   | |  0.6
Summonings     | |  0.6

Action                   |  1- 3 |  4- 6 |  7- 9 | 10-12 | 13-15 | 16-18 | 19-21 || total
-------------------------+-------+-------+-------+-------+-------+-------+-------++-------
Melee: Unarmed           |   116 |   220 |   352 |   679 |  1433 |  1398 |   426 ||  4624
       Punch             |       |     6 |    18 |    41 |       |       |       ||    65
Throw: Javelin           |       |    11 |     7 |     8 |    14 |   107 |       ||   147
       Large rock        |       |       |       |       |       |    81 |    55 ||   136
 Cast: Magic Dart        |    34 |    24 |    39 |    83 |   113 |    68 |       ||   361
       Call Imp          |     2 |    12 |     5 |     3 |       |       |       ||    22
       Repel Missiles    |       |     1 |       |     1 |     5 |    25 |     5 ||    37
       Blink             |       |       |     1 |     1 |     4 |     6 |    10 ||    22
       Conjure Flame     |       |       |     1 |    23 |    49 |    34 |     4 ||   111
       Mephitic Cloud    |       |       |       |    14 |    57 |    31 |    10 ||   112
       Animate Skeleton  |       |       |       |       |       |    59 |    28 ||    87
Invok: Bend Time         |       |       |     4 |     1 |       |       |       ||     5
       Temporal Distorti |       |       |     1 |     2 |     5 |    26 |     8 ||    42
       Slouch            |       |       |       |     3 |     5 |     9 |     7 ||    24
       Step From Time    |       |       |       |       |       |     1 |       ||     1
Evoke: Wand              |       |       |       |    11 |     6 |     6 |     1 ||    24
       Box of beasts     |       |       |       |     2 |     4 |       |       ||     6
       Stone of tremors  |       |       |       |       |     1 |       |     1 ||     2
       Deck              |       |       |       |       |       |       |     4 ||     4
       Fan of gales      |       |       |       |       |       |       |     1 ||     1
  Use: Scroll            |       |    10 |     8 |    10 |    18 |    11 |     6 ||    63
       Potion            |       |     1 |       |       |     3 |     1 |     6 ||    11
 Stab: Sleeping          |       |     1 |     3 |     3 |     4 |     3 |       ||    14
       Distracted        |       |       |     1 |       |     4 |     4 |     1 ||    10
       Confused          |       |       |       |     6 |    25 |    10 |     5 ||    46
  Eat: Chunk             |    18 |    43 |    38 |    59 |    93 |   117 |    29 ||   397
       Royal jelly       |       |       |       |       |     1 |       |       ||     1
       Beef jerky        |       |       |       |       |     1 |       |       ||     1
Armor: Robe              |    46 |    62 |    99 |    66 |   107 |   125 |    25 ||   530
Dodge: Dodged            |    47 |    84 |   147 |   363 |   545 |   904 |   255 ||  2345
       Deflected         |       |       |     1 |     3 |    14 |    52 |     9 ||    79
Block: Shield            |       |       |       |   113 |   715 |   956 |   298 ||  2082
